 Dungeon Sprint DCSS version 0.27-a0-1322-gfdffb62a71 (webtiles) character file.

Game seed: 3718741364108959661

161 mhtbhm the Covered (level 5, -3/37 HPs)
             Began as a Gargoyle Fighter on June 22, 2021.
             Was an Elder of Vehumet.
             Slain by a guardian mummy (21 damage)
             ... in the Dungeon (Sprint VII: "The Pits").
             The game lasted 00:01:03 (493 turns).

mhtbhm the Covered (Gargoyle Fighter)                Turns: 493, Time: 00:01:04

Health: -3/37      AC: 17    Str: 21    XL:     5   Next: 42%
Magic:  5/5        EV:  6    Int:  8    God:    Vehumet [****..]
Gold:   0          SH: 10    Dex:  9    Spells: 1/4 levels left

rFire    . . .     SeeInvis .   a - +2 mace (drain)
rCold    . . .     Faith    .   c - +0 kite shield
rNeg     + . .     Spirit   .   b - +3 chain mail
rPois    ∞         Reflect  .   (no helmet)
rElec    +         Harm     .   (no cloak)
rCorr    .         Rampage  .   (no gloves)
Will     .....     NoTele   +   (no boots)
Stlth    ..........             (no amulet)
HPRegen  0.12/turn              (no ring)
MPRegen  0.09/turn              (no ring)

@: no status effects
A: sickness immunity, AC +4, negative energy resistance 1, electricity
resistance, torment resistance 1, petrification resistance
a: Renounce Religion


You were in the Dungeon.
You worshipped Vehumet.
Vehumet was greatly pleased with you.
You visited 1 branch

Inventory:

Hand Weapons
 a - a +2 mace of draining (weapon)
Armour
 b - a +3 chain mail (worn)
 c - a +0 kite shield (worn)
Scrolls
 j - a scroll of blinking
 l - 5 scrolls of amnesia
 m - a scroll of summoning
Potions
 d - a potion of might
 e - 6 potions of curing
 f - 6 potions of heal wounds
 g - a potion of haste
 h - 4 potions of magic
 i - 3 potions of berserk rage
 k - 2 potions of invisibility


   Skills:
 + Level 6.7 Fighting
 + Level 4.1 Maces & Flails
 + Level 7.0 Armour
 + Level 1.4 Dodging
 + Level 7.0 Shields


You had one spell level left.
You knew the following spells:

 Your Spells              Type           Power      Damage    Failure   Level
a - Stone Arrow           Conj/Erth      0%         3d7       99%         3

Your spell library contained the following spells:

 Spells                   Type           Power      Damage    Failure   Level


Dungeon Overview and Level Annotations

Branches:
Dungeon (1/1)

Altars:
Ashenzari
Cheibriados
Dithmenos
Elyvilon
Fedhas
Gozag
Hepliaklqana
Kikubaaqudgha
Makhleb
Nemelex Xobeh
Okawaru
Qazlal
Ru
Sif Muna
Trog
Uskayaw
Vehumet
Wu Jian
Xom
Yredelemnul
Zin
The Shining One
Beogh
Jiyva
Lugonu


Innate Abilities, Weirdness & Mutations

You are immune to sickness and miasma.
Your stone body is resilient. (AC +4)
You are immune to poison.
You resist negative energy. (rN+)
You are resistant to electric shocks. (rElec)
You are resistant to unholy torment.
You are immune to petrification.


Message History

Spell assigned to 'a'.
You open the door.
A guardian mummy comes into view.
Your chain mail prevents you from hitting the guardian mummy.
The guardian mummy hits you but does no damage.
You thump the guardian mummy!
The guardian mummy is lightly damaged.
The guardian mummy hits you!
You sock the guardian mummy!
The guardian mummy is moderately damaged.
The guardian mummy hits you but does no damage.
You block the guardian mummy's attack.
You hit the guardian mummy.
The guardian mummy is moderately damaged.
The guardian mummy barely misses you.
You hit the guardian mummy.
The guardian mummy is heavily damaged.
The guardian mummy hits you.
You are too injured to fight recklessly!
You are too injured to fight recklessly!
You are too injured to fight recklessly!
You are too injured to fight recklessly!
You are too injured to fight recklessly!
You are too injured to fight recklessly!
You are too injured to fight recklessly!
You are too injured to fight recklessly!
You are too injured to fight recklessly!
You are too injured to fight recklessly!
You are too injured to fight recklessly!
You barely miss the guardian mummy.
The guardian mummy is heavily damaged.
You block the guardian mummy's attack.
You hit the guardian mummy but do no damage.
The guardian mummy is heavily damaged.
You block the guardian mummy's attack.
You hit the guardian mummy.
The guardian mummy is heavily damaged.
The guardian mummy hits you!!
Ouch! That really hurt!
You die...

#†#........##.......#
#'###########.......#
#.......# #########
#...#...# #...#...#
#.##.##.#+#
#...#...#.+
#...#...#M#
#.......'@#
###########


You could see a guardian mummy.

Vanquished Creatures
  A scorpion (D)
  A crimson imp (D)
  A hound (D)
  A gnoll (D)
  A river rat (D)
  A white imp (D)
  2 endoplasms (D)
  A hobgoblin (D)
  3 jackals (D)
  A quokka (D)
  A ball python skeleton (D)
  2 bats (D)
  A frilled lizard (D)
  A giant cockroach zombie (D)
18 creatures vanquished.

Notes
Turn   | Place    | Note
-------+----------+-------------------------------------------
     0 | D        | mhtbhm the Gargoyle Fighter began the quest for the Orb.
     0 | D        | Reached XP level 1. HP: 14/14 MP: 1/1
    20 | D        | Found a bloodstained altar of Trog.
    20 | D        | Found a shimmering blue altar of Sif Muna.
    20 | D        | Found a viscous altar of Jiyva.
    20 | D        | Found a hazy altar of Hepliaklqana.
    20 | D        | Found an opulent altar of Gozag.
    21 | D        | Found a glowing golden altar of the Shining One.
    21 | D        | Found a glowing silver altar of Zin.
    21 | D        | Found a basalt altar of Yredelemnul.
    21 | D        | Found a shimmering altar of Xom.
    21 | D        | Found an ornate altar of the Wu Jian Council.
    21 | D        | Found a sacrificial altar of Ru.
    21 | D        | Found a stormy altar of Qazlal.
    21 | D        | Found an iron altar of Okawaru.
    21 | D        | Found a sparkling altar of Nemelex Xobeh.
    21 | D        | Found a burning altar of Makhleb.
    21 | D        | Found a blossoming altar of Fedhas.
    21 | D        | Found a white marble altar of Elyvilon.
    21 | D        | Found a shadowy altar of Dithmenos.
    21 | D        | Found a snail-covered altar of Cheibriados.
    23 | D        | Found a radiant altar of Vehumet.
    23 | D        | Found a corrupted altar of Lugonu.
    24 | D        | Found a hide-covered altar of Uskayaw.
    24 | D        | Found an ancient bone altar of Kikubaaqudgha.
    24 | D        | Found a broken altar of Ashenzari.
    31 | D        | Became a worshipper of Vehumet
    82 | D        | Reached * piety under Vehumet
    82 | D        | Offered knowledge of Shock by Vehumet.
    83 | D        | Reached XP level 2. HP: 15/20 MP: 2/2
   180 | D        | Reached ** piety under Vehumet
   245 | D        | Noticed a scorpion
   245 | D        | Noticed a crimson imp
   263 | D        | Offered knowledge of Poisonous Vapours by Vehumet.
   264 | D        | Reached skill level 5 in Fighting
   264 | D        | Reached skill level 5 in Armour
   264 | D        | Reached skill level 5 in Shields
   264 | D        | Reached XP level 3. HP: 15/26 MP: 3/3
   270 | D        | Reached *** piety under Vehumet
   279 | D        | Killed a scorpion
   280 | D        | Reached skill level 1 in Dodging
   280 | D        | Reached XP level 4. HP: 16/32 MP: 4/4
   282 | D        | Reached XP level 5. HP: 18/36 MP: 5/5
   282 | D        | Reached **** piety under Vehumet
   479 | D        | Offered knowledge of Stone Arrow by Vehumet.
   485 | D        | Learned a level 3 spell: Stone Arrow
   485 | D        | Noticed a guardian mummy
   493 | D        | Slain by a guardian mummy

Illustrated notes

Levels and vault maps discovered:
D:        pitsprint [storerooms_1, entrance_room_1, metal_vault_1, armoury_3,
          mini_pit_1, grid_room_1, main_hall_1, silver_pit, the_coven_1,
          the_vestibule_1, steel_vault_5, golden_pit, hallway_of_sentries,
          crystal_vault_6, iron_vault_4, final_vault]

Skill      XL: |  1  2  3  4  5 |
---------------+----------------+-----
Fighting       | 4 5 6 |  6.7
Armour         | 4 5 6 7 |  7.0
Shields        | 4 5 6 7 |  7.0
Maces & Flails | 3 4 |  4.1
Dodging        | 1 |  1.4

Action                   |  1- 3 |  4- 6 || total
-------------------------+-------+-------++-------
Melee: Mace              |    44 |    33 ||    77
       Flail             |     1 |       ||     1
Armor: Scale mail        |    12 |       ||    12
       Chain mail        |    31 |    14 ||    45
Dodge: Dodged            |    15 |     7 ||    22
Block: Kite shield       |    31 |    16 ||    47

Table legend: (Time is in decaauts)
 A = Elapsed time spent in this place.
 B = Non-inter-level travel time spent in this place.
 C = Inter-level travel time spent in this place.
 D = Time resting spent in this place.
 E = Time spent auto-exploring this place.
 F = Levels seen in this place.
 G = Mean time per level.
                   A        B        C        D        E       F      G
               +--------+--------+--------+--------+--------+-----+--------+
         Total |    526 |    526 |      0 |    224 |     29 |   1 |  526.0 |
       Dungeon |    526 |    526 |      0 |    224 |     29 |   1 |  526.0 |
               +--------+--------+--------+--------+--------+-----+--------+

Top non-repeatable levels by time:
       D: 526 daAuts
